 Dungeon Crawl Stone Soup version 0.31-a0-187-gba352fbbf7 (webtiles) character file.

Game seed: 17074538916556265466

380 qw the Skirmisher (level 6, 0/35 HPs)
             Began as a Deep Elf Hunter on June 22, 2023.
             Slain by a troll (6 damage)
             ... on level 5 of the Dungeon.
             The game lasted 00:01:12 (2972 turns).

qw the Skirmisher (Deep Elf Hunter)                 Turns: 2972, Time: 00:01:12

Health: 0/35       AC:  8    Str: 10    XL:     6   Next: 46%
Magic:  8/8        EV: 11    Int: 14    God:
Gold:   178        SH:  5    Dex: 18    Spells: 5/5 levels left

rFire   . . .        Y - +0 shortbow (drain)
rCold   . . .        (shield currently unavailable)
rNeg    . . .        d - +0 ring mail
rPois   .            i - +0 helmet
rElec   .            (no cloak)
rCorr   .            c - +0 pair of gloves
SInv    .            b - +0 pair of boots
Will    .....        j - amulet of reflection
Stlth   +            (no ring)
HPRegen 0.25/turn    (no ring)
MPRegen 0.11/turn

%: reflection
@: about to teleport
A: no striking features
a: no special abilities


You were on level 5 of the Dungeon.
You visited 1 branch of the dungeon, and saw 5 of its levels.

You collected 178 gold pieces.


   Skills:
 - Level 2.0 Fighting
 + Level 9.8 Ranged Weapons
 - Level 1.0 Armour
 - Level 2.4 Dodging
 - Level 1.2 Stealth


You had 5 spell levels left.
You didn't know any spells.
Your spell library was empty.

Inventory:

Hand Weapons
 Y - a +0 shortbow of draining (weapon)
Armour
 b - a +0 pair of boots (worn)
 c - a +0 pair of gloves (worn)
 d - a +0 ring mail (worn)
 i - a +0 helmet (worn)
 m - a +1 pair of boots
Jewellery
 j - an amulet of reflection (around neck)
Scrolls
 f - a scroll of identify
Potions
 a - a potion of heal wounds {unknown}
 e - a potion of berserk rage {unknown}
 g - a potion of cancellation {unknown}
 h - a potion of mutation {unknown}
 l - 2 potions of might

Dungeon Overview and Level Annotations

Branches:
Dungeon (5/15)
 Temple: D:4-7

Altars:
Ashenzari
Gozag


Message History

An orc wizard and an orc come into view.
The orc wizard is wielding a +0 dagger and wearing a +1 robe of positive energy.
The orc wizard shouts!
The orc shouts!
You hear a shout!
The orc wizard points at you and mumbles some strange words.
The magic dart hits you!
You shoot an arrow.
The arrow hits the orc wizard but does no damage.
You drain the orc wizard.
The orc wizard is moderately wounded.
An orc priest comes into view. It is wielding a +0 hand axe.
You shoot an arrow.
The arrow closely misses the orc wizard.
The orc wizard hits you but does no damage.
You shoot an arrow. The arrow hits the orc wizard.
You drain the orc wizard.
The orc wizard is severely wounded.
A troll comes into view.
You shoot an arrow.
The arrow hits the orc wizard but does no damage.
You drain the orc wizard.
You kill the orc wizard!
You shoot an arrow. The arrow hits the orc!
You kill the orc!
You shoot an arrow. The arrow hits the orc priest.
You drain the orc priest.
The orc priest is heavily wounded.
The orc priest mumbles some strange prayers to Beogh against you.
Pain shoots through your body!
You shoot an arrow.
The arrow hits the orc priest but does no damage.
The orc priest is heavily wounded.
You shoot an arrow. The arrow closely misses the troll.
The arrow barely misses the orc priest.
The orc priest invokes the aid of Beogh against you.
Beogh smites you!
2971 ||| READING scroll of teleportation.
As you read the scroll of teleportation, it crumbles to dust.
You feel strangely unstable.
You shoot an arrow. The arrow barely misses the troll.
The arrow closely misses the orc priest.
The troll bites you.
You die...

## .## .# . .. .# #.
.. .. #..#. .#
#..#.#.# .o... #
#T)# .#
#.###@##..##. ##+##
#............ #...##
#####.######.
.....## ####...#
......## ##.##.#.#
.<.....####.....#..#
.......'......######
.......####.....#
......## ##.##.#


You could see a troll and an orc priest (very drained).

Vanquished Creatures
  A scorpion (D:4)
  A jelly (D:4)
  3 hounds (D:4)
  An orc wizard (D:5)
  4 gnolls (D:3)
  5 adders
  2 ufetubi
  2 dart slugs
  An orc (D:5)
  2 ball pythons
  8 bats
  5 endoplasms
  8 giant cockroaches
  13 goblins
  7 hobgoblins
  3 jackals (D:3)
  A quokka (D:2)
  3 frilled lizards (D:2)
  5 kobolds
  6 rats
81 creatures vanquished.

Notes
Turn   | Place    | Note
-------+----------+-------------------------------------------
     0 | D:1      | qw the Deep Elf Hunter began the quest for the Orb.
     0 | D:1      | Reached XP level 1. HP: 12/12 MP: 3/3
     0 | D:1      | 0 ||| qw: Version: 0.3-a-9-g12657ce
     0 | D:1      | 0 ||| qw: Game counter: 2227
     0 | D:1      | 0 ||| qw: Always use a shield: true
     0 | D:1      | 0 ||| qw: God list: Okawaru
     0 | D:1      | 0 ||| qw: Allow faded altars: false
     0 | D:1      | 0 ||| qw: Do Orc after D:15 true
     0 | D:1      | 0 ||| qw: Do second Lair branch before Depths: true
     0 | D:1      | 0 ||| qw: Lair rune preference: random
     0 | D:1      | 0 ||| qw: Plans: Normal
     0 | D:1      | 0 ||| PLANNING D:1-11
     2 | D:1      | You fall into a shaft and drop 1 floor!
    67 | D:2      | Reached skill level 6 in Ranged Weapons
    67 | D:2      | Reached XP level 2. HP: 15/16 MP: 4/4
   182 | D:2      | 182 ||| READING scroll labelled FAYDDYR HYSAR.
   212 | D:2      | 212 ||| READING scroll labelled IFAKOAVEGOE.
   213 | D:2      | 213 ||| DROPPING scroll of butterflies.
   233 | D:1      | Reached XP level 3. HP: 14/20 MP: 5/5
   612 | D:1      | Found a faded altar of an unknown god.
   691 | D:1      | Reached skill level 7 in Ranged Weapons
   880 | D:1      | 880 ||| UPGRADING to +0 ring mail.
   890 | D:1      | 890 ||| DROPPING +0 leather armour.
   891 | D:1      | 891 ||| DROPPING ring of flight.
   892 | D:1      | 892 ||| READING scroll labelled EMANOHIAPA.
   894 | D:1      | 894 ||| Stepping ~*~*~tactically~*~*~ (cloud).
  1659 | D:2      | 1659 ||| UPGRADING to +0 pair of boots.
  1664 | D:2      | 1664 ||| READING 2 scrolls labelled DOMICHETUE.
  1665 | D:2      | 1665 ||| READING scroll labelled QAQECEHOCU.
  1666 | D:2      | 1666 ||| READING 2 scrolls labelled QIPUER QO ARUG.
  1667 | D:2      | 1667 ||| READING scroll labelled RIOFRA DIJYD.
  1668 | D:2      | 1668 ||| DROPPING scroll of immolation.
  1669 | D:2      | 1669 ||| DROPPING scroll of amnesia.
  1732 | D:3      | Reached XP level 4. HP: 25/25 MP: 6/6
  1782 | D:3      | Found an opulent altar of Gozag.
  2014 | D:3      | Reached skill level 8 in Ranged Weapons
  2327 | D:3      | 2327 ||| READING scroll of brand weapon.
  2327 | D:3      | 2327 ||| BRANDING +0 shortbow of flaming.
  2447 | D:3      | Reached XP level 5. HP: 29/29 MP: 7/7
  2448 | D:3      | 2448 ||| UPGRADING to +0 pair of gloves.
  2453 | D:3      | 2453 ||| UPGRADING to +0 helmet.
  2458 | D:3      | 2458 ||| READING 2 scrolls labelled DEREAXTUPYA.
  2459 | D:3      | 2459 ||| READING 2 scrolls labelled LUYXEGH CUUST.
  2464 | D:3      | 2464 ||| DRINKING 2 ruby potions.
  2465 | D:3      | 2465 ||| DRINKING 3 lumpy grey potions.
  2466 | D:3      | 2466 ||| DROPPING potion of brilliance.
  2519 | D:4      | Reached skill level 1 in Armour
  2544 | D:4      | Reached skill level 9 in Ranged Weapons
  2550 | D:4      | Reached XP level 6. HP: 35/35 MP: 8/8
  2560 | D:4      | Found a broken altar of Ashenzari.
  2921 | D:4      | 2921 ||| UPGRADING to amulet of reflection.
  2939 | D:5      | Entered Level 5 of the Dungeon
  2965 | D:5      | Noticed a troll
  2970 | D:5      | HP: 6/35 [orc priest/divine providence (10)]
  2971 | D:5      | 2971 ||| READING scroll of teleportation.
  2972 | D:5      | Slain by a troll

Levels and vault maps discovered:
D:1:      minmay_arrival_shattered_statue, layout_loops_cross,
          hellmonk_ecumenical_altar_leap_of_faith
D:2:      minmay_general_purpose_star, layout_basic, serial_rivers,
          chequers_serial_rivers_large_b, chequers_serial_rivers_micro_b,
          chequers_serial_rivers_marsh, chequers_serial_rivers_room_b,
          nicolae_concentric_dashed_squares_wild
D:3:      layout_loops_ring, mainiacjoe_overflow_surrounded_room
D:4:      layout_rooms, cheibrodos_ashenzari_chains
D:5:      layout_loops_corners, zin_scriptorium, tso_metal_star,
          nicolae_shop_i_like_big_books

Skill      XL: |  1  2  3  4  5 |
---------------+----------------+-----
Ranged Weapons | 6 7 8 9 |  9.8
Armour         | 1 |  1.0
Fighting       | 2 |  2.0
Dodging        | |  2.4
Stealth        | |  1.2

Action                     |  1- 3 |  4- 6 || total
---------------------------+-------+-------++-------
   Fire: Shortbow          |   123 |   119 ||   242
    Use: Scroll            |     7 |     4 ||    11
         Potion            |       |     2 ||     2
 Armour: Leather armour    |     3 |       ||     3
         Ring mail         |     4 |    14 ||    18
  Dodge: Dodged            |    26 |    19 ||    45

Table legend:
 A = Non-vault XP
 B = Vault XP
 C = Vault XP percentage of total XP
 D = Non-vault monster count
 E = Vault monster count
 F = Vault count percentage of total count
                 A         B        C        D         E       F
            +---------+---------+-------+---------+---------+-------
      Total |     536 |       8 |   1.5 |      78 |       3 |   3.7
            +---------+---------+-------+---------+---------+-------
        D:1 |      34 |       0 |   0.0 |      18 |       0 |   0.0
        D:2 |      53 |       8 |  13.1 |      20 |       3 |  13.0
        D:3 |     102 |       0 |   0.0 |      20 |       0 |   0.0
        D:4 |     308 |       0 |   0.0 |      18 |       0 |   0.0
        D:5 |      39 |       0 |   0.0 |       2 |       0 |   0.0
            +---------+---------+-------+---------+---------+-------
